 Dungeon Crawl Stone Soup version 0.27.0-66-gdc8fb28755 (webtiles) character file.

Game seed: 1066547663404573926

27265 mainiacjoe the Covert (level 13, -13/92 HPs)
             Began as an Octopode Earth Elementalist on Aug 18, 2021.
             Was an Elder of Makhleb.
             Mangled by a boulder beetle (44 damage)
             ... on level 3 of the Lair of Beasts on Aug 20, 2021.
             The game lasted 01:13:46 (19073 turns).

mainiacjoe the Covert (OpEE)                       Turns: 19073, Time: 01:13:46

Health: -13/92     AC:  1    Str:  7    XL:     13   Next: 31%
Magic:  15/20      EV: 17    Int: 32    God:    Makhleb [****..]
Gold:   580        SH:  0    Dex: 12    Spells: 7/22 levels left

rFire    . . .     SeeInvis .   b - +1 dagger (venom)
rCold    + . .     Faith    .   (no shield)
rNeg     . . .     Spirit   .   (helmet restricted)
rPois    .         Reflect  .   K - amulet "Vunkeox" {+Blink Regen+ Int+3}
rElec    .         Harm     .   f - ring of willpower
rCorr    .         Rampage  .   O - ring of protection from cold
Will     +....                  v - +6 ring of intelligence
Stlth    +++++.....             (no ring)
HPRegen  1.25/turn              (no ring)
MPRegen  0.17/turn              (no ring)
                                (no ring)
                                (no ring)

@: no status effects
A: almost no armour, amphibious, 8 rings, camouflage 1, gelatinous body 1,
(nimble swimmer 1), tentacles
a: Renounce Religion, Evoke Blink, Minor Destruction, Lesser Servant of Makhleb,
Major Destruction


You were on level 3 of the Lair of Beasts.
You worshipped Makhleb.
Makhleb was greatly pleased with you.
You visited 3 branches of the dungeon, and saw 14 of its levels.
You also visited: Bailey.

You collected 797 gold pieces.
You spent 217 gold pieces at shops.

Inventory:

Hand Weapons
 b - a +1 dagger of venom (weapon)
 c - a +3 rapier of freezing
 r - a +0 shortbow
 w - a +0 arbalest
 z - a +0 hunting sling
 L - a +3 vorpal long sword
Missiles
 h - 58 sling bullets
 i - 189 arrows
 l - 310 stones
 t - 74 boomerangs
 x - 40 poisoned darts (quivered)
 y - 5 atropa-tipped darts {=F}
 P - 3 throwing nets {=F}
 U - 7 curare-tipped darts {=F}
 V - 41 bolts
Magical Staves
 a - a staff of earth {!a}
Jewellery
 f - a ring of willpower (left tentacle)
 v - a +6 ring of intelligence (on tentacle)
 C - a ring of fire
 K - the amulet "Vunkeox" (around mantle) {+Blink Regen+ Int+3}
   (You acquired it in a bailey)

   [amulet of regeneration]

   Int:       It affects your intelligence (+3).
   +Blink:    It lets you blink.
   Regen:     It increases your rate of health regeneration.
 O - a ring of protection from cold (right tentacle)
 X - a ring of fire
Wands
 s - a wand of digging (14)
 A - a wand of flame (39)
 F - a wand of iceblast (38)
 Q - a wand of charming (15)
 R - a wand of polymorph (15)
Scrolls
 d - a scroll of vulnerability
 g - a scroll of enchant armour
 j - 5 scrolls of fear
 k - a scroll of holy word {unknown}
 o - 5 scrolls of immolation
 u - 7 scrolls of teleportation
 G - 2 scrolls of magic mapping
 T - a scroll of silence {unknown}
 W - a scroll of summoning {unknown}
Potions
 e - 5 potions of might
 m - 4 potions of flight
 n - 3 potions of curing
 p - 2 potions of invisibility
 q - 2 potions of haste
 B - 3 potions of attraction
 D - 3 potions of brilliance
 E - 2 potions of cancellation
 H - a potion of magic
 I - a potion of heal wounds
 J - 3 potions of resistance
 M - a potion of mutation {unknown}
 N - 2 potions of lignification
Miscellaneous
 S - a phial of floods


   Skills:
 - Level 10.0 Fighting
 + Level 9.8 Short Blades
 - Level 10.0 Dodging
 - Level 10.0 Stealth
 - Level 5.0 Spellcasting
 - Level 5.0 Transmutations
 - Level 10.0 Earth Magic
 - Level 5.0 Invocations
 - Level 5.0 Evocations


You had 7 spell levels left.
You knew the following spells:

 Your Spells              Type           Power      Damage    Failure   Level
a - Sandblast             Erth           100%       2d20      1%          1
b - Passwall              Tmut/Erth      45%        N/A       1%          2
c - Stone Arrow           Conj/Erth      80%        3d12      1%          3
d - Petrify               Tmut/Erth      54%        N/A       2%          4
e - Lee's Rapid Deconstr  Erth           32%        3d17*     2%          5

Your spell library contained the following spells:

 Spells                   Type           Power      Damage    Failure   Level
 Freeze                   Ice            32%        1d5       4%          1
 Blink                    Tloc           N/A        N/A       8%          2
 Frozen Ramparts          Ice            16%        1d3       16%         3
 Lesser Beckoning         Tloc           4%         N/A       16%         3
 Swiftness                Air            8%         N/A       16%         3
 Bolt of Magma            Conj/Fire/Erth 14%        4d8       36%         5
 Hailstorm                Conj/Ice       8%         3d4       45%         4
 Summon Ice Beast         Ice/Summ       8%         N/A       45%         4
 Manifold Assault         Tloc           8%         N/A       80%         5
 Silence                  Hex/Air        4%         N/A       80%         5
 Summon Mana Viper        Hex/Summ       8%         N/A       80%         5
 Conjure Ball Lightning   Conj/Air       4%         3x3d6     100%        6
 Monstrous Menagerie      Summ           4%         N/A       100%        7
 Discord                  Hex            4%         N/A       100%        8
 Disjunction              Tloc           4%         N/A       100%        8


Dungeon Overview and Level Annotations

Branches:
Dungeon (10/15)            Temple (1/1) D:5            Lair (3/6) D:10
  Swamp (0/4) Lair:2       Bailey (visited)
  Snake: Lair:2-4    Spider: Lair:2-4       Orc: D:9-12

Altars:
Ashenzari
Cheibriados
Elyvilon
Fedhas
Gozag
Hepliaklqana
Kikubaaqudgha
Makhleb
Nemelex Xobeh
Okawaru
Qazlal
Ru
Sif Muna
Trog
Uskayaw
Vehumet
Wu Jian
Xom
Yredelemnul
Zin
The Shining One

Shops:
D:2 (

Annotations:
D:4 dig vault
D:5 Menkaure
Lair:1 exclusion: 4 oklob plants
Lair:3 Fannar


Innate Abilities, Weirdness & Mutations

You cannot wear most types of armour.
You are amphibious.
You can wear up to eight rings at the same time.
Your skin changes colour to match your surroundings (Stealth+).
Your rubbery body absorbs attacks. (AC +1, EV +1)
((You are camouflaged near water. (Stealth+)))
You have tentacles for arms and can constrict up to eight enemies at once.


Message History

Casting: Petrify (dangerous; 2% risk of failure)
Confirm with . or Enter, or press ? or * to list all spells.
Aiming: Petrify (dangerous; 2% risk of failure)
Press: ? - help, Shift-Dir - straight line, f - boulder beetle
Aim: a boulder beetle (wandering, hasn't noticed you, chance to affect: 58%)
Okay, then.
Casting: Petrify (dangerous; 2% risk of failure)
Confirm with . or Enter, or press ? or * to list all spells.
Aiming: Petrify (dangerous; 2% risk of failure)
Press: ? - help, Shift-Dir - straight line, f - boulder beetle
Aim: a boulder beetle (wandering, hasn't noticed you, chance to affect: 58%)
The boulder beetle is moving more slowly.
The boulder beetle is no longer petrified.
You hit the boulder beetle but do no damage.
The boulder beetle bites you!!
You barely miss the boulder beetle.
You hit the boulder beetle but do no damage.
The boulder beetle is poisoned.
The boulder beetle bites you.
You hit the boulder beetle but do no damage.
The boulder beetle looks as sick as possible!
You hit the boulder beetle but do no damage.
The boulder beetle looks as sick as possible!
The boulder beetle is lightly wounded.
The boulder beetle bites you!
Casting: Petrify (dangerous; 2% risk of failure)
Confirm with . or Enter, or press ? or * to list all spells.
Aiming: Petrify (dangerous; 2% risk of failure)
Press: ? - help, Shift-Dir - straight line, f/p - boulder beetle
Aim: a boulder beetle (lightly wounded, extremely poisoned, chance to affect: 58%)
The boulder beetle resists with significant effort.
The boulder beetle bites you!!
* * * LOW HITPOINT WARNING * * *
The boulder beetle curls into a ball and begins rolling!
Aiming: Charm
Press: ? - help, Shift-Dir - straight line, f/p - boulder beetle
Aim: a boulder beetle (moderately wounded, rolling, extremely poisoned, chance to affect: 43%)
Okay, then.
You fail to use your ability.
The boulder beetle hits you!!!
You die...

...#. ###........##
##..... .#
#..#....<..# #P.....
#.###.....## ##.....
######P#.### #.....
+....###..##### #.....
#.............###.....
##P.#.###.##..........
###..P# ## ##.....
##@## ##.#.... #.B#
#.###... ##○##
##..###† #.°#
##..°.... #..#..#
#....°... P.........#
#....B...
##............+...<...
#............#........
##.........P##P.......


You could see a boulder beetle (rolling, very poisoned).

Vanquished Creatures
  An orc warlord (Bailey)
  A fire dragon (D:9)
  2 hydras (Lair:2)
  Erica (D:10)
  Harold (D:8)
  2 two-headed ogres
  A harpy (D:9)
  4 black mambas
  Maurice (D:9)
  A gargoyle (D:10)
  A rime drake (Lair:2)
  4 komodo dragons
  6 cane toads
  A kobold demonologist (D:10)
  A troll (D:9)
  A snapping turtle (shapeshifter) (D:9)
  9 blink frogs
  A shadow (D:9)
  A vampire (D:10)
  15 yaks
  5 wyverns
  2 wraiths (D:10)
  Eustachio (D:5)
  3 basilisks
  2 steam dragons (D:8)
  3 vampire mosquitoes
  An acid dragon (D:10)
  11 water moccasins
  6 orc warriors
  A black bear (D:8)
  A sky beast (D:6)
  2 ogres (D:6)
  6 centaurs
  A phantom (D:7)
  9 bullfrogs
  A gnoll sergeant (D:10)
  2 scorpions
  2 wyvern skeletons (D:6)
  14 wights
  3 howler monkeys
  3 centaur zombies
  5 hounds
  2 jellies
  2 orc priests
  2 bullfrog skeletons
  A centaur skeleton (D:4)
  4 iguanas
  Natasha (thrice) (D:3)
  4 orc wizards
  A killer bee zombie (D:8)
  A hound skeleton (D:4)
  2 howler monkey zombies
  9 gnolls
  4 adders
  2 white imps
  A dart slug (D:1)
  34 orcs
  4 endoplasms
  2 giant cockroaches
  8 hobgoblins
  8 jackals
  3 quokkas
  11 ball pythons
  6 bats
  A frilled lizard (D:3)
  12 goblins
  17 kobolds
  2 rats
285 creatures vanquished.

Vanquished Creatures (others)
  5 fungi (Lair:2)
  16 plants
21 creatures vanquished.

Grand Total: 306 creatures vanquished

Notes
Turn   | Place    | Note
-------+----------+-------------------------------------------
     0 | D:1      | mainiacjoe the Octopode Earth Elementalist began the quest
                  | for the Orb.
     0 | D:1      | Reached XP level 1. HP: 11/11 MP: 3/3
   313 | D:1      | Reached XP level 2. HP: 17/17 MP: 5/5
   316 | D:1      | Learned a level 2 spell: Passwall
   779 | D:1      | Found a faded altar of an unknown god.
  1180 | D:2      | Reached XP level 3. HP: 21/21 MP: 1/6
  1251 | D:2      | Reached skill level 5 in Stealth
  1267 | D:2      | Reached XP level 4. HP: 5/27 MP: 1/7
  1687 | D:2      | Found Rananieh's Antique Weapon Boutique.
  1802 | D:2      | Learned a level 4 spell: Petrify
  2431 | D:3      | Reached XP level 5. HP: 31/31 MP: 8/8
  2711 | D:3      | Noticed Natasha
  2851 | D:3      | Killed Natasha
  2852 | D:3      | Reached XP level 6. HP: 12/36 MP: 4/9
  3686 | D:3      | Noticed Natasha
  3786 | D:3      | Killed Natasha
  4000 | D:3      | Noticed Natasha
  4009 | D:3      | Killed Natasha
  4319 | D:3      | Found a shimmering blue altar of Sif Muna.
  5041 | D:4      | Found a glowing silver altar of Zin.
  5062 | D:4      | Reached XP level 7. HP: 41/41 MP: 10/10
  5253 | D:4      | Learned a level 3 spell: Stone Arrow
  5257 | D:4      | Found a snail-covered altar of Cheibriados.
  5721 | D:5      | Entered Level 5 of the Dungeon
  5749 | D:5      | Noticed Eustachio
  5762 | D:5      | Killed Eustachio
  5763 | D:5      | Reached skill level 5 in Earth Magic
  6024 | D:2      | Bought a glowing rapier for 217 gold pieces
  6091 | D:5      | Found a staircase to the Ecumenical Temple.
  6120 | Temple   | Entered the Ecumenical Temple
  6270 | Temple   | Became a worshipper of Makhleb the Destroyer
  6666 | D:5      | Noticed Menkaure
  6884 | D:6      | Reached XP level 8. HP: 9/46 MP: 9/11
  7306 | D:6      | Reached skill level 10 in Stealth
  7439 | D:6      | Reached skill level 5 in Transmutations
  8423 | D:7      | Upgraded the game from 0.27.0-1-g7a089689b8 to
                  | 0.27.0-65-ge2af304b15
  8821 | D:6      | HP: 2/44 [wight (2)]
  8826 | D:6      | Reached XP level 9. HP: 15/51 MP: 2/13
  9764 | D:7      | Reached * piety under Makhleb
  9919 | D:7      | Learned a level 5 spell: Lee's Rapid Deconstruction
 10116 | D:7      | Found a white marble altar of Elyvilon.
 10224 | D:8      | Found a flagged portal.
 10292 | Bailey   | Entered a bailey
 10508 | Bailey   | Noticed an orc warlord
 10643 | Bailey   | Found a runed translucent gate.
 10648 | Bailey   | Found a runed translucent gate.
 10649 | Bailey   | Found a runed translucent gate.
 10954 | Bailey   | Killed an orc warlord
 10955 | Bailey   | Reached skill level 10 in Earth Magic
 10955 | Bailey   | Reached XP level 10. HP: 56/56 MP: 7/15
 11002 | Bailey   | Acquired the amulet "Vunkeox" {+Blink Regen+ Int+3}
 11016 | Bailey   | Reached XP level 11. HP: 75/75 MP: 16/16
 11218 | D:8      | Reached ** piety under Makhleb
 11222 | D:8      | Reached skill level 5 in Invocations
 11558 | D:8      | Got the Collected Works on the Feathery Mountains
 11587 | D:8      | Noticed Harold
 11631 | D:8      | Killed Harold
 11632 | D:8      | Reached skill level 1 in Short Blades
 12185 | D:9      | Noticed a two-headed ogre
 12217 | D:9      | Killed a two-headed ogre
 12316 | D:9      | Noticed a harpy
 12318 | D:9      | Noticed a fire dragon
 12406 | D:9      | Noticed Maurice
 12413 | D:9      | Killed Maurice
 12414 | D:9      | Found a radiant altar of Vehumet.
 13020 | D:9      | Killed a fire dragon
 13122 | D:9      | Killed a harpy
 13600 | D:10     | Entered Level 10 of the Dungeon
 13954 | D:10     | Found a bloodstained altar of Trog.
 13954 | D:10     | Found a sparkling altar of Nemelex Xobeh.
 13955 | D:10     | Found a broken altar of Ashenzari.
 13997 | D:10     | Reached *** piety under Makhleb
 14016 | D:10     | Reached XP level 12. HP: 33/84 MP: 1/18
 14333 | D:10     | Reached skill level 5 in Short Blades
 14720 | D:10     | Found a staircase to the Lair.
 14725 | D:10     | Noticed Erica
 14995 | D:10     | Noticed a two-headed ogre
 15128 | D:10     | Killed Erica
 15129 | D:10     | Reached skill level 5 in Spellcasting
 15129 | D:10     | Reached skill level 1 in Evocations
 15184 | D:10     | Killed a two-headed ogre
 15423 | Lair:1   | Entered Level 1 of the Lair of Beasts
 15430 | Lair:1   | Upgraded the game from 0.27.0-65-ge2af304b15 to
                  | 0.27.0-66-gdc8fb28755
 16409 | Lair:2   | Noticed an eight-headed hydra
 16442 | Lair:2   | Killed an eight-headed hydra
 16443 | Lair:2   | Reached skill level 10 in Dodging
 16689 | Lair:2   | Reached skill level 10 in Fighting
 16908 | Lair:2   | Reached skill level 5 in Evocations
 17070 | Lair:2   | Noticed a six-headed hydra
 17116 | Lair:2   | Reached **** piety under Makhleb
 17331 | Lair:2   | Killed a six-headed hydra
 17332 | Lair:2   | Reached XP level 13. HP: 81/92 MP: 9/20
 17420 | Lair:2   | Found a staircase to the Swamp.
 18887 | Lair:3   | Noticed Fannar
 19073 | Lair:3   | Mangled by a boulder beetle

Illustrated notes

Levels and vault maps discovered:
D:1:      arrival_zaba_pyramid, layout_basic, ebering_ecumenical_altar_webs
D:2:      layout_basic, serial_shops, nicolae_shop_behind_doors
D:3:      layout_rooms, led_sif_pool, cheibrodos_gnoll_hut, uniq_natasha
D:4:      layout_loops_cross, mainiacjoe_overflow_tiny_flanked, zin_scriptorium
D:5:      layout_loops_ring, nicolae_dithmenos_through_a_glass_darkly,
          minmay_temple_entry_gardened_gates, kennysheep_generic_room_11,
          uniq_menkaure, uniq_eustachio
D:6:      layout_loops_corners
D:7:      layout_layer_cave, lemuel_round_altar
D:8:      layout_gridville, enter_bailey_5, minmay_checkerbox, uniq_harold
D:9:      layout_loops_ring, lemuel_crystal_altar, minmay_misc_feat_doors,
          minivault_25_ag, uniq_maurice
D:10:     layout_long_grid, chequers_temple_overflow_statue_of_worship,
          lair_entry_dummy, minmay_alternating_orb, uniq_erica
Temple:   dshaligram_water_room_temple
Lair:1:   layout_roguey, minmay_lair_oklob_chamber, lemuel_fruit_fields
Lair:2:   layout_cave_pods, minmay_swamp_entry_swarm
Lair:3:   layout_roguey, columned_hall_lemuel, chequers_serial_rivers_marsh,
          grunt_megastairs_4, lemuel_fruit_tree, serial_bayou_shore_a,
          lemuel_fruit_fields, uniq_fannar

Skill      XL: |  1  2  3  4  5  6  7  8  9 10 11 12 13 |
---------------+----------------------------------------+-----
Stealth        | 3 4 5 6 7 9 10 | 10.0
Earth Magic    | 4 5 7 10 | 10.0
Transmutations | 2 4 5 |  5.0
Spellcasting   | 3 4 5 |  5.0
Invocations    | 4 5 |  5.0
Fighting       | 7 8 10 | 10.0
Dodging        | 7 9 10 | 10.0
Short Blades   | 4 7 9 |  9.8
Evocations     | 5 |  5.0

Action                   |  1- 3 |  4- 6 |  7- 9 | 10-12 | 13-15 || total
-------------------------+-------+-------+-------+-------+-------++-------
Melee: Dagger            |    52 |    62 |   108 |   198 |    73 ||   493
       Constrict         |    17 |    30 |    26 |    25 |     8 ||   106
       Unarmed           |     2 |       |       |       |       ||     2
       Tentacles         |     5 |    23 |    11 |    34 |    10 ||    83
       Long sword        |       |    47 |       |       |       ||    47
       Rapier            |       |       |       |    13 |       ||    13
 Fire: Shortbow          |       |       |   117 |     3 |       ||   120
Throw: Stone             |       |    40 |     7 |    14 |       ||    61
       Dart              |       |       |    41 |    12 |     3 ||    56
 Cast: Sandblast         |    10 |    20 |    35 |    26 |     5 ||    96
       Passwall          |     1 |     4 |     8 |    18 |     1 ||    32
       Stone Arrow       |       |       |    15 |    41 |     2 ||    58
       Petrify           |       |       |     4 |    37 |    15 ||    56
       Lee's Rapid Decon |       |       |       |    24 |     8 ||    32
 Abil: Evoke Blink       |       |       |       |     5 |       ||     5
  Use: Scroll            |       |     4 |    10 |     9 |     1 ||    24
       Potion            |       |       |     1 |     2 |       ||     3
 Stab: Sleeping          |     7 |    11 |    20 |    20 |     5 ||    63
       Distracted        |       |     1 |       |       |       ||     1
       Petrified         |       |       |     5 |    43 |     9 ||    57
       Petrifying        |       |       |       |     1 |     4 ||     5
Armor: Skin              |     5 |    13 |     6 |    17 |     1 ||    42
Dodge: Dodged            |    37 |   124 |    83 |   174 |    52 ||   470
       Rpst.: Long sword |       |    18 |       |       |       ||    18
